 Dungeon Crawl Stone Soup version 0.30-a0-860-g512cf1e979 (webtiles) character file.

Game seed: 3979298429758644870

144 Querens the Magician (level 5, -10/40 HPs)
             Began as a Djinni Conjurer on Mar 8, 2023.
             Was an Initiate of Makhleb.
             Mangled by IndexError's ghost (14 damage)
             ... on level 3 of the Dungeon.
             The game lasted 00:08:41 (1477 turns).

Querens the Magician (Djinni Conjurer)              Turns: 1477, Time: 00:08:42

Health: -10/40     AC:  3    Str:  6    XL:     5   Next: 52%
Gold:   129        EV: 12    Int: 22    God:    Makhleb [......] SH:  0 Dex: 11

rFire   + + .      SeeInvis .    (no weapon)
rCold   x . .      Faith    .    (no shield)
rNeg    . . .      Spirit   .    a - +0 robe
rPois   ∞          Reflect  .    (no helmet)
rElec   .          Rampage  .    d - +0 cloak
rCorr   .                        (no gloves)
Will    .....                    (boots unavailable)
Stlth   ++                       b - amulet of regeneration
HPRegen 1.06/turn                n - ring of wizardry
MPRegen 0.00/turn                (no ring)

@: flying, very slightly contaminated
A: sickness immunity, fire resistance 2, cold vulnerability 1, float, innate
caster, HP casting, extra vitality 1
a: Renounce Religion


You were on level 3 of the Dungeon.
You worshipped Makhleb.
Makhleb was noncommittal.
You visited 1 branch of the dungeon, and saw 3 of its levels.

You collected 129 gold pieces.

Inventory:

Armour
 a - a +0 robe (worn)
 d - a +0 cloak (worn)
Jewellery
 b - an amulet of regeneration (around neck)
 n - a ring of wizardry (left hand)
Wands
 l - a wand of charming (7)
Scrolls
 c - 2 scrolls of noise {unknown}
 e - 2 scrolls of teleportation {unknown}
 f - 2 scrolls of enchant weapon {unknown}
 h - a scroll of immolation {unknown}
 i - 2 scrolls of enchant armour {unknown}
 o - a scroll of silence {unknown}
Potions
 k - a potion of lignification
 p - a potion of attraction


   Skills:
 + Level 3.2 Fighting
 - Level 2.1 Dodging
 - Level 1.5 Stealth
 + Level 4.2 Spellcasting


You knew the following spells:

 Your Spells              Type           Power      Damage    Failure   Level
a - Magic Dart            Conj           92%        1d7       1%          1
b - Searing Ray           Conj           46%        2d6       1%          2
c - Dazzling Flash        Conj/Hex       46%        N/A       2%          3
d - Fulminant Prism       Conj/Hex       11%        3d8       8%          4
e - Iskenderun's Mystic   Conj/Tloc      23%        2d6       8%          4
f - Summon Small Mammal   Summ           92%        N/A       1%          1
g - Passwall              Tmut/Erth      19%        N/A       1%          2
Your spell library was empty.

Dungeon Overview and Level Annotations

Branches:
Dungeon (3/15)

Altars:
Gozag
Makhleb

Annotations:
D:3 IndexError's ghost, amateur GrHu


Innate Abilities, Weirdness & Mutations

You are immune to sickness and miasma.
You are immune to poison.
Your flesh is very heat resistant. (rF++)
You are vulnerable to cold. (rC-)
You float through the air rather than walking.
You learn spells naturally, not from books.
Your magical power is your life essence.
You have superior vitality. (+4 MHP)


Message History

* * * LOW HITPOINT WARNING * * *
IndexError's ghost hits you!
* * * LOW HITPOINT WARNING * * *
Unknown command.
Unknown command.
Unknown command.
You cannot move.
Unknown command.
You are confused.
You feel invigorated. The kobold brigand misses you.
IndexError's ghost misses you.
The kobold brigand hits you with a +1 short sword of electrocution!
* * * LOW HITPOINT WARNING * * *
IndexError's ghost closely misses you.
You are no longer locked in place.
The kobold brigand closely misses you.
IndexError's ghost hits you but does no damage.
The kobold brigand hits you but does no damage.
IndexError's ghost hits you. The kobold brigand barely misses you.
IndexError's ghost hits you!
* * * LOW HITPOINT WARNING * * *
The kobold brigand barely misses you. IndexError's ghost hits you.
* * * LOW HITPOINT WARNING * * *
You feel less invigorated.
You feel less confused.
The kobold brigand hits you with a +1 short sword of electrocution!
* * * LOW HITPOINT WARNING * * *
IndexError's ghost barely misses you.
Casting: Iskenderun's Mystic Blast (quite dangerous; 8% risk of failure)
Confirm with . or Enter, or press ? or * to list all spells.
The spell is quite dangerous to miscast (8% risk of failure)!
Continue anyway?
You erupt in a blast of force!
The mystic blast hits the kobold brigand!
You kill the kobold brigand!
Makhleb accepts your kill.
The mystic blast hits IndexError's ghost but does no damage.
IndexError's ghost is almost destroyed.
* * * LOW HITPOINT WARNING * * *
IndexError's ghost hits you!
You die...

######.......#
######### #.#####.#
#.#####.# ##
#....##.# .#
#.##.##.# .#
#.......##### .#
#...........# .#
##.#.##>###.##### .#
#<..##....@....# ##
#..###.##)W)##.#
#..#####))...###
#.....#~.#.#.~#
########.####⌠.#.#.⌠#
......##.# #~.#.#.~#
#####.##.# ##.....##
##.......# ##.!$##
##.##.####


You could see IndexError's ghost.

Vanquished Creatures
  A kobold brigand (D:3)
  A crimson imp (D:3)
  Jessica (D:2)
  2 adders
  A worm (D:2)
  A dart slug (D:1)
  4 endoplasms
  2 giant cockroaches
  2 goblins
  7 hobgoblins
  6 jackals
  15 kobolds
  2 quokkas
  2 ball pythons (D:2)
  A bat (D:2)
  3 frilled lizards
  8 rats
59 creatures vanquished.

Vanquished Creatures (others)
  2 fungi (D:3)
  2 plants (D:3)
4 creatures vanquished.

Grand Total: 63 creatures vanquished

Notes
Turn   | Place    | Note
-------+----------+-------------------------------------------
     0 | D:1      | Querens the Djinni Conjurer began the quest for the Orb.
     0 | D:1      | Querens set off with the following spells memorised: Magic
                  | Dart, Searing Ray, Dazzling Flash, Fulminant Prism,
                  | Iskenderun's Mystic Blast.
     0 | D:1      | Reached XP level 1. HP: 15/15 MP: 0/0
   109 | D:1      | Reached XP level 2. HP: 22/22 MP: 0/0
   145 | D:1      | Reached skill level 1 in Fighting
   541 | D:2      | Noticed Jessica
   545 | D:2      | Reached XP level 3. HP: 26/27 MP: 0/0
   545 | D:2      | Learned a level 1 spell: Summon Small Mammal
   561 | D:2      | Killed Jessica
   562 | D:2      | Reached XP level 4. HP: 32/33 MP: 0/0
   710 | D:2      | Found an opulent altar of Gozag.
  1054 | D:3      | Reached skill level 4 in Spellcasting
  1082 | D:3      | Found a runed translucent gate.
  1089 | D:3      | Noticed a kobold brigand
  1090 | D:3      | Found a runed translucent gate.
  1092 | D:3      | Noticed IndexError's ghost (amateur GrHu)
  1097 | D:3      | Found a runed translucent gate.
  1190 | D:3      | Reached XP level 5. HP: 36/40 MP: 0/0
  1190 | D:3      | Learned a level 2 spell: Passwall
  1312 | D:3      | Found a burning altar of Makhleb.
  1322 | D:3      | Became a worshipper of Makhleb the Destroyer
  1477 | D:3      | Killed a kobold brigand
  1477 | D:3      | Mangled by IndexError's ghost

Illustrated notes

Levels and vault maps discovered:
D:1:      wander_arrival_estate, layout_loops_ring,
          hangedman_abyss_or_decor_lesser_grid
D:2:      layout_rooms, basic_altar, uniq_jessica
D:3:      layout_loops_cross, grunt_temple_overflow_lords_of_destruction,
          gammafunk_ghost_nasty_kobolds

Skill      XL: |  1  2  3  4  5 |
---------------+----------------+-----
Fighting       | 1 2 3 |  3.2
Spellcasting   | 4 |  4.2
Dodging        | |  2.1
Stealth        | |  1.5

Action                     |  1- 3 |  4- 6 || total
---------------------------+-------+-------++-------
  Melee: Unarmed           |     1 |     2 ||     3
   Cast: Magic Dart        |    32 |    33 ||    65
         Searing Ray       |     5 |    15 ||    20
         Iskenderun's Myst |       |     7 ||     7
    Use: Scroll            |       |     4 ||     4
         Potion            |       |     1 ||     1
 Armour: Robe              |     2 |     6 ||     8
  Dodge: Dodged            |     5 |    19 ||    24

Table legend: (Time is in decaauts)
 A = Elapsed time spent in this place.
 B = Non-inter-level travel time spent in this place.
 C = Inter-level travel time spent in this place.
 D = Time resting spent in this place.
 E = Time spent auto-exploring this place.
 F = Levels seen in this place.
 G = Mean time per level.
                   A        B        C        D        E       F      G
               +--------+--------+--------+--------+--------+-----+--------+
         Total |   1475 |   1363 |    112 |      0 |      0 |   3 |  491.7 |
       Dungeon |   1475 |   1363 |    112 |      0 |      0 |   3 |  491.7 |
               +--------+--------+--------+--------+--------+-----+--------+

Top non-repeatable levels by time:
     D:3: 642 daAuts
     D:1: 455 daAuts
     D:2: 378 daAuts
